 Dungeon Crawl Stone Soup version 0.26-a0-639-g72c4674329 (webtiles) character file.

Game seed: 17635321941724803983

7 Flugslaktarn the Shield-Bearer (level 2, -8/24 HPs)
             Began as a Formicid Fighter on Sept 21, 2020.
             Mangled by an ogre
             ... wielding a +0 giant club
              (13 damage)
             ... on level 4 of the Dungeon.
             The game lasted 00:00:08 (83 turns).

Flugslaktarn the Shield-Bearer (Formicid Fighter)     Turns: 83, Time: 00:00:09

Health: -8/24      AC:  6    Str: 20    XL:     2   Next: 5%
Magic:  2/2        EV:  7    Int:  7    God:
Gold:   0          SH:  9    Dex: 10    Spells: 1/1 levels left

rFire    . . .     SeeInvis +   a - +0 war axe
rCold    . . .     Faith    .   c - +0 kite shield
rNeg     . . .     Spirit   .   b - +0 scale mail
rPois    .         Reflect  .   (helmet unavailable)
rElec    .         Harm     .   (no cloak)
rCorr    .         Rampage  .   (no gloves)
MR       .....                  (no boots)
Stlth    ..........             (no amulet)
HPRegen  0.08/turn              (no ring)
MPRegen  0.08/turn              (no ring)

@: no status effects
A: permanent stasis, dig shafts and tunnels, four strong arms, antennae 3
a: Dig, Shaft Self


You were on level 4 of the Dungeon.
You visited 1 branch of the dungeon, and saw 4 of its levels.

Inventory:

Hand Weapons
 a - a +0 war axe (weapon)
Armour
 b - a +0 scale mail (worn)
 c - a +0 kite shield (worn)
Potions
 d - a potion of might


   Skills:
 * Level 3.5 Fighting
 * Level 2.2 Axes
 + Level 3.3 Armour
 + Level 3.7 Shields


You had one spell level left.
You didn't know any spells.
Your spell library was empty.

Dungeon Overview and Level Annotations

Branches:
Dungeon (4/15)
 Temple: D:4-7

Altars:


Innate Abilities, Weirdness & Mutations

You cannot be hasted, slowed, berserked, paralysed or teleported.
You can dig through walls and to a lower floor.
Your four strong arms can wield two-handed weapons with a shield.
You have a pair of large antennae on your head. (SInv)


Message History

You sense a monster nearby.
Found a stone staircase leading down.
An ogre comes into view. It is wielding a +0 giant club.
The ogre shouts!
An ogre is nearby!
There is a stone staircase leading down here.
You hit the ogre.
The ogre is lightly wounded.
You block the ogre's attack.
You slash the ogre!
The ogre is moderately wounded.
The ogre hits you with a +0 giant club!!
Ouch! That really hurt!
* * * LOW HITPOINT WARNING * * *
You are too injured to fight recklessly!
You barely miss the ogre.
The ogre is moderately wounded.
The ogre hits you with a +0 giant club!
Ouch! That really hurt!
You die...

.## ......
.... #....
#.. #...#
##.##...#
#.......# #
#......###.#
#..........#
##..>#.<..##
#.@.#...##
#.O.##.##
#...#...
#.......#
#....##..
#...## #..
....# #.
###..


You could see an ogre.

Vanquished Creatures
  A dart slug (D:1)
  A giant cockroach (D:1)
  A goblin (D:2)
  A hobgoblin (D:1)
4 creatures vanquished.

Notes
Turn   | Place    | Note
-------+----------+-------------------------------------------
     0 | D:1      | Flugslaktarn the Formicid Fighter began the quest for the
                  | Orb.
     0 | D:1      | Reached XP level 1. HP: 18/18 MP: 1/1
    45 | D:2      | Reached XP level 2. HP: 24/24 MP: 2/2
    78 | D:4      | Noticed an ogre
    83 | D:4      | Mangled by an ogre

Illustrated notes

Levels and vault maps discovered:
D:1:      nzn_arrival_water_spiral, layout_rooms, minmay_misc_feat_chi,
          chequers_serial_rivers_small_b
D:2:      layout_basic, dancing_weapons_uskayaw, doesnt_xom_only_xom,
          nicolae_qazlal_general_emergency
D:3:      wad_river_or_something, layout_rooms,
          chequers_ecumenical_altar_island, minmay_quadrilaterals, uniq_jessica,
          uniq_terence
D:4:      layout_layer_cave

Action                   || total
-------------------------++-------
Melee: War axe           ||    16
Armor: Scale mail        ||     3
Dodge: Dodged            ||     7
Block: Kite shield       ||     4

Table legend: (Time is in decaauts)
 A = Elapsed time spent in this place.
 B = Non-inter-level travel time spent in this place.
 C = Inter-level travel time spent in this place.
 D = Time resting spent in this place.
 E = Time spent auto-exploring this place.
 F = Levels seen in this place.
 G = Mean time per level.
                   A        B        C        D        E       F      G
               +--------+--------+--------+--------+--------+-----+--------+
         Total |     89 |     53 |     36 |      0 |     13 |   4 |   22.2 |
       Dungeon |     89 |     53 |     36 |      0 |     13 |   4 |   22.2 |
               +--------+--------+--------+--------+--------+-----+--------+

Top non-repeatable levels by time:
     D:1: 45 daAuts
     D:3: 26 daAuts
     D:2: 9 daAuts
     D:4: 7 daAuts
